 Dungeon Crawl Stone Soup version 0.24-a0-582-g4d4af813a0 (webtiles) character file.

Game seed: 324113827361659510

2 ElectroBlueGuy the Grave Robber (level 1, -2/14 HPs)
             Began as a Ghoul Necromancer on Aug 27, 2019.
             Slain by a kobold
             ... wielding a cursed -3 whip
              (5 damage)
             ... on level 1 of the Dungeon.
             The game lasted 00:01:36 (346 turns).

ElectroBlueGuy the Grave Robber (Ghoul Necromancer)  Turns: 346, Time: 00:01:37

Health: -2/14      AC:  3    Str: 11    XL:     1   Next: 40%
Magic:  0/2        EV: 12    Int: 10    God:
Gold:   24         SH:  0    Dex:  9    Spells: 1/3 levels left

rFire    . . .     SeeInvis .   (no weapon)
rCold    + . .     Gourm    .   (no shield)
rNeg     + + +     Faith    .   a - +0 robe
rPois    ∞         Spirit   .   d - +0 helmet
rElec    .         Reflect  .   (no cloak)
rCorr    .         Harm     .   (no gloves)
MR       .....                  (no boots)
Stlth    ++........             (no amulet)
HPRegen  0.00/turn              (no ring)
MPRegen  0.08/turn              (no ring)

@: very slightly contaminated, rotting
A: rotting body, claws 1, carnivore, cold resistance 1, negative energy
resistance 3, inhibited regeneration, torment resistance, unbreathing
a: no special abilities


You were on level 1 of the Dungeon.
You were not hungry.

You visited 1 branch of the dungeon, and saw 1 of its levels.

You collected 24 gold pieces.

Inventory:

Armour
 a - a +0 robe (worn)
 d - a +0 helmet (worn)
Potions
 b - a potion of curing {unknown}
Comestibles
 c - a ration


   Skills:
 + Level 0.1 Fighting
 + Level 1.8 Dodging
 + Level 2.2 Stealth
 + Level 1.8 Spellcasting
 + Level 4.0 Necromancy


You had one spell level left.
You knew the following spells:

 Your Spells              Type           Power        Failure   Level  Hunger
a - Pain                  Necr           #...         6%          1    ##.....
b - Animate Skeleton      Necr           N/A          6%          1    ##.....

Your spell library contained the following spells:

 Spells                   Type           Power        Failure   Level  Hunger
 Vampiric Draining        Necr           #.........   19%         3    ####...
 Regeneration             Chrm/Necr      #.........   38%         3    ####...
 Animate Dead             Necr           N/A          52%         4    #####..


Dungeon Overview and Level Annotations

Branches:
Dungeon (1/15)

Altars:


Innate Abilities, Weirdness & Mutations

Your body is rotting away.
You thrive on raw meat.
You are immune to poison.
You have sharp fingernails.
You are carnivorous and can eat meat at any time.
Your flesh is cold resistant. (rC+)
You are immune to negative energy. (rN+++)
You do not regenerate when monsters are visible.
You are immune to unholy pain and torment.
You can survive without breathing.


Message History

Nothing appears to happen.
The kobold closely misses you.
You barely miss the kobold.
The kobold is moderately wounded.
The kobold misses you.
You completely miss the kobold.
The kobold is moderately wounded.
The kobold barely misses you.
You scratch the kobold but do no damage.
The kobold is moderately wounded.
The kobold hits you but does no damage.
You scratch the kobold.
The kobold is severely wounded.
The kobold hits you but does no damage.
You closely miss the kobold.
The kobold is severely wounded.
The kobold misses you.
You barely miss the kobold.
The kobold is severely wounded.
The kobold hits you with a cursed -3 whip.
You die...

####### #####.....#######
##.##.............
##.#.#..###.#.#####
##K###...###.#....## #.##
##....K@#......
##.###...##.....#############
##K#.#..###...##≈P≈.........
##.##.........#≈≈P##.###.<.
#.##.####....#PPP##.# #...
#.##........##.##P≈P# ###.
#.########.###.##≈PP# #.
####.# #.# #...≈P≈#####.
#....# ##'###.#####≈≈P...


You could see a kobold.

Vanquished Creatures
  A hobgoblin (D:1)
  A kobold (D:1)
2 creatures vanquished.

Notes
Turn   | Place    | Note
-------+----------+-------------------------------------------
     0 | D:1      | ElectroBlueGuy the Ghoul Necromancer began the quest for
                  | the Orb.
     0 | D:1      | Reached XP level 1. HP: 14/14 MP: 2/2
     7 | D:1      | Learned a level 1 spell: Animate Skeleton
   346 | D:1      | Slain by a kobold

Levels and vault maps discovered:
D:1:      psy_arrival_conway, layout_loops_corners

Action                   || total
-------------------------++-------
Melee: Unarmed           ||    27
 Cast: Pain              ||     3
Armor: Robe              ||     2
Dodge: Dodged            ||    13

Table legend:
 A = Non-vault XP
 B = Vault XP
 C = Vault XP percentage of total XP
 D = Non-vault monster count
 E = Vault monster count
 F = Vault count percentage of total count
                 A         B        C        D         E       F
            +---------+---------+-------+---------+---------+-------
      Total |       4 |       0 |   0.0 |       2 |       0 |   0.0
            +---------+---------+-------+---------+---------+-------
        D:1 |       4 |       0 |   0.0 |       2 |       0 |   0.0
            +---------+---------+-------+---------+---------+-------
